 Dungeon Crawl Stone Soup version 0.26.0-18-gc5c842f807 (webtiles) character file.

Game seed: 5089028661805419376

49 thiole the Sneak (level 3, 0/21 HPs)
             Began as an Octopode Hedge Wizard on Jan 23, 2021.
             Slain by Sigmund
             ... wielding a +0 scythe
              (9 damage)
             ... on level 2 of the Dungeon.
             The game lasted 00:01:44 (2298 turns).

thiole the Sneak (Octopode Hedge Wizard)            Turns: 2298, Time: 00:01:44

Health: 0/21       AC:  1    Str:  6 (9)  XL:     3   Next: 75%
Magic:  6/7        EV: 13    Int: 15 (17) God:
Gold:   84         SH:  0    Dex: 10 (11) Spells: 0/8 levels left

rFire    . . .     SeeInvis .   a - +0 dagger
rCold    . . .     Faith    .   (no shield)
rNeg     . . .     Spirit   .   b - +0 hat
rPois    .         Reflect  .   (no amulet)
rElec    .         Harm     .   (no ring)
rCorr    .         Rampage  .   (no ring)
Will     .....                  (no ring)
Stlth    +++.......             (no ring)
HPRegen  0.07/turn              (no ring)
MPRegen  0.10/turn              (no ring)
                                (no ring)
                                (no ring)

@: no status effects
A: almost no armour, stealthy swim, amphibious, 8 rings, constrict 8, camouflage
1, gelatinous body 1
a: no special abilities


You were on level 2 of the Dungeon.
You visited 1 branch of the dungeon, and saw 2 of its levels.

You collected 84 gold pieces.

Inventory:

Hand Weapons
 a - a +0 dagger (weapon)
Armour
 b - a +0 hat (worn)
Scrolls
 e - 3 scrolls of identify {unknown}
 f - a scroll of fog {unknown}
 h - a scroll of remove curse {unknown}
Potions
 c - a potion of heal wounds {unknown}
 d - 3 potions of degeneration
 i - 2 potions of lignification {unknown}
 j - a potion of might {unknown}
 k - a potion of invisibility {unknown}


   Skills:
 - Level 2.0 Dodging
 + Level 3.5 Stealth
 + Level 3.2 Spellcasting
 * Level 2.1 Conjurations
 - Level 2.0 Summonings
 - Level 1.0 Translocations


You couldn't memorise any spells.
You knew the following spells:

 Your Spells              Type           Power        Failure   Level
a - Magic Dart            Conj           32%          9%          1
b - Call Imp              Summ           8%           13%         2
c - Blink                 Tloc           N/A          21%         2
d - Mephitic Cloud        Conj/Pois/Air  4%           41%         3

Your spell library contained the following spells:

 Spells                   Type           Power        Failure   Level
 Slow                     Hex            2%           30%         2
 Conjure Flame            Conj/Fire      5%           36%         3
 Gell's Gravitas          Tloc           2%           36%         3
 Confusing Touch          Hex            2%           52%         3
 Petrify                  Tmut/Erth      2%           89%         4
 Metabolic Englaciation   Hex/Ice        1%           99%         5
 Yara's Violent Unravell  Hex/Tmut       1%           99%         5


Dungeon Overview and Level Annotations

Branches:
Dungeon (2/15)

Altars:
Hepliaklqana

Annotations:
D:2 Sigmund


Innate Abilities, Weirdness & Mutations

You cannot wear most types of armour.
You are very stealthy in the water. (Stealth+)
You are amphibious.
You can wear up to eight rings at the same time.
You can use your tentacles to constrict eight enemies at once.
Your skin changes colour to match your surroundings (Stealth+).
Your rubbery body absorbs attacks. (AC +1, EV +1)


Message History

You constrict Sigmund, but do no damage.
The hobgoblin barely misses you.
You hit Sigmund but do no damage.
Sigmund is moderately wounded.
You constrict Sigmund. Sigmund hits you with a +0 scythe.
The hobgoblin closely misses you.
You hit Sigmund.
Sigmund is heavily wounded.
You constrict Sigmund. Sigmund completely misses you.
The hobgoblin hits you with a +0 club.
* * * LOW HITPOINT WARNING * * *
You feel better.
You constrict Sigmund. The hobgoblin misses you.
You hit Sigmund but do no damage.
Sigmund is severely wounded.
You constrict Sigmund. Sigmund hits you with a +0 scythe.
You hit Sigmund but do no damage.
Sigmund is severely wounded.
You constrict Sigmund, but do no damage.
The hobgoblin barely misses you. Sigmund hits you with a +0 scythe!
You die...

### ###.######
..#....... ###.#.......
.....<...
#g#..##############
#.@..#.............
...###@##.############
..g@............#..#...
....#.#.##.####)#..#.##
#. #.#..#.# #.#..#.## #
#.##.# #.#..#.## ...#.#
#.#....## ...#.#
#.#.....# ###.#.#
#.#......


You could see Sigmund and a hobgoblin.

Vanquished Creatures
  An adder (D:2)
  An ooze (D:1)
  2 dart slugs
  A leopard gecko (D:2)
  3 bats
  A giant cockroach (D:2)
  4 goblins
  4 hobgoblins
  2 jackals (D:1)
  2 kobolds
  4 frilled lizards
  5 rats
30 creatures vanquished.

Notes
Turn   | Place    | Note
-------+----------+-------------------------------------------
     0 | D:1      | thiole the Octopode Hedge Wizard began the quest for the
                  | Orb.
     0 | D:1      | Reached XP level 1. HP: 11/11 MP: 4/4
   382 | D:1      | Reached XP level 2. HP: 17/17 MP: 0/6
   930 | D:1      | Reached XP level 3. HP: 10/21 MP: 2/7
  1502 | D:2      | Found a hazy altar of Hepliaklqana.
  1530 | D:2      | Learned a level 2 spell: Call Imp
  1533 | D:2      | Learned a level 2 spell: Blink
  1537 | D:2      | Learned a level 3 spell: Mephitic Cloud
  2276 | D:2      | Noticed Sigmund
  2298 | D:2      | Slain by Sigmund

Illustrated notes

Levels and vault maps discovered:
D:1:      lordsloth_arrival_two_stooges, layout_basic, minmay_surrounded
D:2:      layout_basic, nicolae_overflow_crystal_walls,
          wad_floor_pattern_untrapped, chequers_big_river, dk_vineyard_2,
          kennysheep_nub, uniq_sigmund

Skill      XL: |  1  2  3 |
---------------+----------+-----
Stealth        | 3 |  3.5
Summonings     | 2 |  2.0
Conjurations   | 2 |  2.1
Dodging        | |  2.0
Spellcasting   | |  3.2
Translocations | |  1.0

Action                   || total
-------------------------++-------
Melee: Dagger            ||    32
       Constrict         ||    10
       Tentacles         ||     3
 Cast: Magic Dart        ||    63
  Use: Potion            ||     3
Armor: Skin              ||     3
Dodge: Dodged            ||    30
